 Dungeon Crawl Stone Soup version 0.31-a0-700-gf13585253f (webtiles) character file.

Game seed: 2546569217855425961

128 GigaChad the Shield-Bearer (level 5, -6/42 HPs)
             Began as a Formicid Fighter on Sept 7, 2023.
             Killed from afar by a hell hound (17 damage)
             ... with a blast of flame
             ... on level 1 of the Abyss.
             The game lasted 00:02:48 (1792 turns).

GigaChad the Shield-Bearer (Formicid Fighter)       Turns: 1792, Time: 00:02:48

Health: -6/42      AC:  7    Str: 22    XL:     5   Next: 33%
Magic:  5/5        EV:  9    Int:  8    God:
Gold:   142        SH:  5    Dex: 13    Spells: 4/4 levels left

rFire   . . .        a - +0 war axe
rCold   . . .        c - +0 buckler
rNeg    . . .        b - +0 scale mail
rPois   .            (helmet unavailable)
rElec   .            (no cloak)
rCorr   .            (no gloves)
SInv    +            (no boots)
Will    .....        (no amulet) Stlth
                     (no ring)
HPRegen 0.27/turn    (no ring)
MPRegen 0.09/turn

%: no passive effects
@: no status effects
A: permanent stasis, dig shafts and tunnels, antennae 3, four strong arms
a: Dig, Shaft Self


You were on level 1 of the Abyss.
You visited 1 branch of the dungeon, and saw 3 of its levels.
You visited the Abyss 1 time.

You collected 142 gold pieces.

Inventory:

Hand Weapons
 a - a +0 war axe (weapon)
Armour
 b - a +0 scale mail (worn)
 c - a +0 buckler (worn)
Jewellery
 g - a ring of wizardry
 h - a ring of ice
Scrolls
 j - a scroll of teleportation {unknown}
 l - 2 scrolls of identify {unknown}
 m - a scroll of torment {unknown}
Potions
 d - a potion of might
 e - a potion of cancellation {unknown}
 f - 4 potions of curing {unknown}
 i - a potion of attraction {unknown}
 k - 2 potions of mutation {unknown}


   Skills:
 * Level 4.0 Fighting
 * Level 3.6 Axes
 * Level 3.9 Armour
 * Level 4.8 Shields


You had 4 spell levels left.
You didn't know any spells.
Your spell library contained the following spells:

 Spells                   Type           Power      Damage    Failure   Level
 Poisonous Vapours        Pois/Air       0%         N/A       90%         2
 Mephitic Cloud           Conj/Pois/Air  0%         N/A       99%         3
 Animate Armour           Summ/Erth      0%         N/A       100%        4
 Summon Lightning Spire   Summ/Air       0%         N/A       100%        4
 Alistair's Intoxication  Tmut/Pois      0%         N/A       100%        5
 Borgnjor's Vile Clutch   Necr/Erth      0%         N/A       100%        5
 Freezing Cloud           Conj/Ice/Air   0%         6-21      100%        5
 Lee's Rapid Deconstruct  Erth           0%         3d4*      100%        5
 Eringya's Noxious Bog    Tmut/Pois      0%         4d6       100%        6


Dungeon Overview and Level Annotations

Branches:
Dungeon (3/15)

Altars:


Innate Abilities, Weirdness & Mutations

You cannot be hasted, slowed, berserked, paralysed or teleported.
You can dig through walls and to a lower floor.
You have a pair of large antennae on your head. (SInv)
Your four strong arms can wield two-handed weapons with a shield.


Message History

The hell hound breathes flames at you. The blast of flame hits you!
The hell hound closely misses you.
Unknown command.
You miss the hell hound. The hell hound bites you.
You block the hell hound's attack.
Unknown command.
You are too injured to fight recklessly!
You are too injured to fight recklessly!
Unknown command.
You are too injured to fight recklessly!
Unknown command.
You are too injured to fight recklessly!
You are too injured to fight recklessly!
You closely miss the hell hound.
The hell hound pauses to sniff the ground.
The hell hound breathes flames at you. The blast of flame hits you.
The hell hound closely misses you.
You hit the hell hound but do no damage.
You block the hell hound's attack.
The hell hound bites you but does no damage.
You miss the hell hound. The hell hound bites you.
* * * LOW HITPOINT WARNING * * *
The hell hound bites you but does no damage.
You hit the hell hound.
The hell hound is moderately wounded.
The hell hound bites you but does no damage. x2
You slash the hell hound!
The hell hound is severely wounded.
The hell hound bites you but does no damage. x2
You barely miss the hell hound.
The hell hound is severely wounded.
The hell hound bites you.
* * * LOW HITPOINT WARNING * * *
The hell hound misses you.
You hit the hell hound but do no damage.
The hell hound is severely wounded.
You block the hell hound's attack. The hell hound breathes flames at you.
The blast of flame hits you!
You die...

.. ... .#
# #.#
.##.# .#
#...#
#...##.#.#
#....#.#
#@##
#..h#.#
####ยง#..
..# .# #.
.. ##


You could see a hell hound (catching breath).

Vanquished Creatures
  5 adders
  2 worms
  A dart slug (D:1)
  9 ball pythons
  2 endoplasms
  4 giant cockroaches
  8 goblins
  9 hobgoblins
  6 jackals
  3 kobolds
  5 quokkas
  6 bats
  5 frilled lizards
  3 rats
68 creatures vanquished.

Notes
Turn   | Place    | Note
-------+----------+-------------------------------------------
     0 | D:1      | GigaChad the Formicid Fighter began the quest for the Orb.
     0 | D:1      | Reached XP level 1. HP: 18/18 MP: 1/1
    54 | D:1      | Reached XP level 2. HP: 23/24 MP: 2/2
   178 | D:1      | Reached XP level 3. HP: 22/29 MP: 3/3
   762 | D:2      | Reached XP level 4. HP: 37/37 MP: 4/4
   928 | D:2      | Reached XP level 5. HP: 21/42 MP: 5/5
  1688 | Abyss:1  | Cast into level 1 of the Abyss (orc)
  1779 | Abyss:1  | Noticed a hell hound
  1792 | Abyss:1  | Killed from afar by a hell hound

Illustrated notes

Levels and vault maps discovered:
D:1:      grunt_arrival_crossed_arrows, layout_basic, minmay_box_of_dots
D:2:      layout_rooms, grunt_ministairs_5,
          nicolae_concentric_dashed_squares_mild, dreamdust_mushroom_princess
D:3:      layout_basic, fedhas_altar_3, kennysheep_slug_shrine
Abyss:1:  base:
D:3

Skill      XL: |  1  2  3  4 |
---------------+-------------+-----
Axes           | 3 |  3.6
Fighting       | 4 |  4.0
Armour         | |  3.9
Shields        | |  4.8

Action                     |  1- 3 |  4- 6 || total
---------------------------+-------+-------++-------
  Melee: War axe           |    92 |   109 ||   201
 Armour: Scale mail        |    70 |   107 ||   177
  Dodge: Dodged            |    49 |    65 ||   114
  Block: Buckler           |    33 |    30 ||    63

Table legend: (Time is in decaauts)
 A = Elapsed time spent in this place.
 B = Non-inter-level travel time spent in this place.
 C = Inter-level travel time spent in this place.
 D = Time resting spent in this place.
 E = Time spent auto-exploring this place.
 F = Levels seen in this place.
 G = Mean time per level.
                   A        B        C        D        E       F      G
               +--------+--------+--------+--------+--------+-----+--------+
         Total |   1868 |   1813 |     55 |      0 |   1262 |   4 |  467.0 |
       Dungeon |   1761 |   1706 |     55 |      0 |   1262 |   3 |  587.0 |
         Abyss |    107 |    107 |      0 |      0 |      0 |   1 |  107.0 |
               +--------+--------+--------+--------+--------+-----+--------+

Top non-repeatable levels by time:
     D:1: 782 daAuts
     D:2: 741 daAuts
     D:3: 237 daAuts
 Abyss:1: 107 daAuts
